 Dungeon Crawl Stone Soup version 0.14.2 (webtiles) character file.

182 Amnesiac the Charlatan (level 4, 0/24 HPs)
             Began as a Spriggan Artificer on Feb 4, 2018.
             Slain by an orc priest
             ... wielding a +0,+0 hand axe
              (2 damage)
             ... while paralysed by a potion of paralysis
             ... on Level 3 of the Dungeon.
             The game lasted 00:04:18 (2515 turns).

Amnesiac the Charlatan (Spriggan Artificer)         Turns: 2515, Time: 00:04:18

HP   0/24        AC  5     Str  7      XL: 4   Next: 54%
MP   0/10        EV  4     Int 13      God:
Gold 77          SH  0     Dex 17      Spells:  0 memorised,  3 levels left

rFire  . . .     SeeInvis +     b - +0 sling
rCold  . . .     Clarity  .     e - +0 robe
rNeg   . . .     Conserve .     (shield restricted)
rPois  .         rCorr    .     (helmet restricted)
rElec  .         rRot     .     t - +2 cloak
SustAb . .       Spirit   +     (gloves unavailable)
rMut   .         Warding  .     (boots unavailable)
Saprov . . .     Stasis   .     i - amulet of guardian spirit
MR     .....                    (no ring)
                                (no ring)

@: paralysed, very quick, not resistant to hostile enchantments, fairly stealthy
A: unfitting armour, see invisible, herbivore 3, speed 3, slow metabolism 2
a: no special abilities


You were on level 3 of the Dungeon.
You were not hungry.

You visited 1 branch of the dungeon, and saw 3 of its levels.

You collected 77 gold pieces.

Inventory:

Hand weapons
 a - a +0,+0 short sword
 b - a +0,+0 sling (weapon)
Missiles
 h - 12 sling bullets (quivered)
 j - 25 darts
 m - 19 stones
 r - 8 arrows
 Q - 44 bolts
 R - 2 darts of flame
 W - 4 poisoned darts
Armour
 e - a +0 robe (worn)
 q - a +0 robe
 t - a +2 cloak (worn)
 A - a +2 robe
 G - a +0 robe
 I - a +1 buckler
 S - a +0 robe
Magical devices
 c - a wand of enslavement (15)
 d - a wand of random effects (12)
 o - a wand of flame (15)
 U - a wand of slowing (6)
Comestibles
 g - 2 bread rations
 N - an apple
Scrolls
 n - a scroll of recharging {!r, unknown}
 p - a scroll of fear {!r, unknown}
 s - a scroll of remove curse {!r, unknown}
 O - a scroll of fog {!r, unknown}
 P - 2 scrolls of identify {!r, unknown}
Jewellery
 i - an amulet of guardian spirit (around neck)
Potions
 f - a potion of porridge {!q}
 u - a potion of heal wounds {!q, unknown}
 v - a potion of paralysis {!q}
 D - a potion of brilliance {!q, unknown}
 F - a potion of agility {!q, unknown}
 H - a potion of curing {!q, unknown}
 J - a potion of restore abilities {!q, unknown}


   Skills:
 + Level 3.1 Fighting
 - Level 1.1 Short Blades
 * Level 4.1 Dodging
 - Level 1.5 Stealth
 * Level 4.2 Evocations


You had 3 spell levels left.
You didn't know any spells.

Dungeon Overview and Level Annotations

Branches:
Dungeon (3/15)

Altars:


Innate Abilities, Weirdness & Mutations

You are tiny and cannot use many weapons and most armour.
You have supernaturally acute eyesight.
You are a herbivore.
You cover ground extremely quickly.
You need consume almost no food.


Message History

Press: ? - help, Shift-Dir - straight line, f/p - orc
Aim: an orc, wielding a club (moderately wounded)
You shoot a sling bullet. The sling bullet hits the orc.
The orc is heavily wounded.
An orc comes into view. It is wielding a hand axe.
Firing (i - inventory. (,) - cycle):
h - 17 sling bullets (quivered)
Press: ? - help, Shift-Dir - straight line, f/p - orc
Aim: an orc, wielding a club (heavily wounded)
You shoot a sling bullet. The sling bullet misses the orc.
The sling bullet hits the orc priest.
The orc priest is lightly wounded.
Firing (i - inventory. (,) - cycle):
h - 16 sling bullets (quivered)
Press: ? - help, Shift-Dir - straight line, f/p - orc
Aim: an orc, wielding a club (heavily wounded)
You shoot a sling bullet. The sling bullet hits the orc.
The orc is almost dead.
The orc priest calls upon Beogh to heal the orc.
The orc is healed somewhat.
The orc hits you with a club.
Firing (i - inventory. (,) - cycle):
h - 15 sling bullets (quivered)
Press: ? - help, Shift-Dir - straight line, f/p - orc
Aim: an orc, wielding a club (moderately wounded)
You shoot a sling bullet. The sling bullet hits the orc.
The orc is heavily wounded.
The orc completely misses you.
Firing (i - inventory. (,) - cycle):
h - 14 sling bullets (quivered)
Press: ? - help, Shift-Dir - straight line, f/p - orc
Aim: an orc, wielding a club (heavily wounded)
You shoot a sling bullet. The sling bullet hits the orc.
You kill the orc!
The orc priest invokes the aid of Beogh against you.
Something smites you!
Firing (i - inventory. (,) - cycle):
h - 13 sling bullets (quivered)
Press: ? - help, Shift-Dir - straight line, f - orc
Aim: an orc, wielding a hand axe You shoot a sling bullet.
The sling bullet misses the orc.
The orc hits you with a hand axe.
Unknown command.
Evoke which item? (* to show all) (? for menu, Esc to quit)
Zapping:
d - a wand of random effects (14)
Press: ? - help, Shift-Dir - straight line, f/p - orc
Aim: an orc, wielding a hand axe The orc suddenly stops moving!
This wand has 13 charges left.
The orc priest mumbles some strange prayers to Beogh against you.
Pain shoots through your body!
* * * LOW HITPOINT WARNING * * *
Evoke which item? (* to show all) (? for menu, Esc to quit)
Zapping:
d - a wand of random effects (13)
Press: ? - help, Shift-Dir - straight line, f - orc priest, p - orc
Aim: an orc priest, wielding a hand axe The orc priest resists with significant effort.
This wand has 12 charges left.
The orc priest mumbles some strange prayers to Beogh against you.
Something smites you!
* * * LOW HITPOINT WARNING * * *
Unknown command.
Drink which item? (? for menu, Esc to quit)
Really quaff
v - 2 viscous orange potions {!q}?
You suddenly lose the ability to move!
It was a potion of paralysis {!q}.
The orc priest barely misses you.
The orc priest becomes somewhat translucent.
The orc priest glows brightly for a moment.
The orc priest barely misses you.
The orc priest hits you with a hand axe.
You die...

##..##.# #.#
#...##.# #.#
#..###.# #.#
#......#
##.##### #.#
###'######.#
#..........#
#....@.....#
#....oo....#
#..........#
#.......(..#
#[.........#
#.........(#
#.........(
..<......
.(.


You could see an orc priest and an orc (paralysed).

Vanquished Creatures
  Terence (D:2)
  4 adders
  A worm (D:2)
  2 giant geckos
  An ooze (D:2)
  2 orcs (D:3)
  A giant cockroach (D:1)
  6 hobgoblins
  3 quokkas
  2 ball pythons (D:2)
  6 bats
  3 giant newts
  6 goblins
  5 kobolds
  6 rats
49 creatures vanquished.

Notes
Turn   | Place    | Note
--------------------------------------------------------------
     0 | D:1      | Amnesiac, the Spriggan Artificer, began the quest for the Orb.
     0 | D:1      | Reached XP level 1. HP: 9/9 MP: 2/2
   122 | D:1      | Reached skill level 1 in Fighting
   507 | D:1      | Reached XP level 2. HP: 13/15 MP: 5/5
  1208 | D:2      | Reached XP level 3. HP: 19/19 MP: 8/8
  1729 | D:2      | Noticed Terence
  1741 | D:2      | Killed Terence
  2170 | D:3      | Reached XP level 4. HP: 21/24 MP: 8/10
  2511 | D:3      | Paralysed by a potion of paralysis for 5 turns
  2515 | D:3      | Slain by an orc priest

Action                   |  1- 3 |  4- 6 || total
-------------------------+-------+-------++-------
Melee: Short sword       |    20 |       ||    20
 Fire: Sling             |    99 |    55 ||   154
Evoke: Wand              |     1 |     2 ||     3
  Use: Potion            |       |     1 ||     1
